 Seeded DCSS version 0.31.0-32-g396128a36d (webtiles) character file.

Game seed: 1724519981061264131 (custom seed)

79431 timneilson the Blocker (level 15, -11/95 HPs)
             Began as a Gargoyle Fighter on Mar 30, 2024.
             Was an Initiate of Gozag.
             Killed from afar by a rakshasa (21 damage)
             ... with a lance of force
             ... on level 13 of the Dungeon.
             The game lasted 01:12:15 (22443 turns).

timneilson the Blocker (Gargoyle Fighter)          Turns: 22443, Time: 01:12:16

Health: -11/95     AC: 52    Str: 22    XL:     15   Next: 63%
Magic:  15/15      EV:  7    Int: 16    God:    Gozag
Gold:   1018       SH: 10    Dex: 15    Spells: 14/14 levels left

rFire   + . .        C - +5 Maxwell's thermic engine {flame, freeze, rev}
rCold   x . .        g - +2 buckler {reflect}
rNeg    + + .        O - +10 crystal plate armour of Salvation {Will+ Str+2}
rPois   ∞            w - +0 helmet
rElec   +            x - +1 cloak {Stlth+}
rCorr   +            u - +0 pair of gloves "Ixeupish" {rCorr}
SInv    .            f - +0 pair of boots "Daximes" {rN+}
Will    ++...        N - amulet of regeneration Stlth
                     F - ring of fire
HPRegen 1.15/turn    y - +6 ring of intelligence
MPRegen 0.14/turn

%: reflection
@: flying
A: sickness immunity, AC +11, big wings, negative energy resistance 1,
electricity resistance, torment resistance 1, petrification resistance
a: Renounce Religion, Potion Petition, Call Merchant, Bribe Branch


You were on level 13 of the Dungeon.
You worshipped Gozag.
Gozag was most pleased with you.
You visited 4 branches of the dungeon, and saw 21 of its levels.
You also visited: Ossuary and Bailey.

You collected 6731 gold pieces.
You spent 4429 gold pieces at shops.
You paid 1284 gold pieces to Gozag.

Inventory:

Hand Weapons
 C - the +5 Maxwell's thermic engine (weapon) {flame, freeze, rev}
   (You bought it in a shop on level 5 of the Dungeon)
Missiles
 j - 4 curare-tipped darts
 r - 26 poisoned darts (quivered)
Armour
 f - the +0 pair of boots "Daximes" (worn) {rN+}
   (You bought it in a shop on level 4 of the Dungeon)

   rN+:       It protects you from negative energy.
 g - a +2 buckler of reflection (worn)
 u - the +0 pair of gloves "Ixeupish" (worn) {rCorr}
   (You bought it in a shop on level 8 of the Dungeon)

   rCorr:     It protects you from acid and corrosion.
 w - a +0 helmet (worn)
 x - a +1 cloak of stealth (worn)
 O - the +10 crystal plate armour of Salvation (worn) {Will+ Str+2}
   (You bought it in a shop on level 11 of the Dungeon)

   Str+2:     It affects your strength (+2).
   Will+:     It increases your willpower.
Jewellery
 y - a +6 ring of intelligence (right hand)
 F - a ring of fire (left hand)
 N - an amulet of regeneration (around neck)
Wands
 h - a wand of paralysis (17)
 k - a wand of roots (8)
 z - a wand of flame (42)
 G - a wand of digging (5)
Scrolls
 a - a scroll of torment
 b - 4 scrolls of identify
 e - 4 scrolls of enchant weapon
 i - 5 scrolls of teleportation
 l - 3 scrolls of fear
 q - 4 scrolls of poison
 t - 3 scrolls of revelation
 v - a scroll of silence
 D - a scroll of amnesia
 I - a scroll of brand weapon
Potions
 d - 2 potions of brilliance
 m - a potion of curing
 n - 4 potions of ambrosia
 o - 3 potions of attraction
 p - 4 potions of mutation
 s - a potion of berserk rage
 A - a potion of lignification
 E - 3 potions of haste
 H - a potion of heal wounds
 J - 2 potions of resistance
 K - a potion of might
Miscellaneous
 L - a condenser vane (inert)


   Skills:
 + Level 11.3 Fighting
 * Level 12.4 Long Blades
 * Level 14.8 Armour
 + Level 7.3 Dodging
 * Level 14.8 Shields
 + Level 7.4 Evocations


You had 14 spell levels left.
You didn't know any spells.
Your spell library contained the following spells:

 Spells                   Type           Power      Damage    Failure   Level
 Foxfire                  Conj/Fire      0%         2x1d4     100%        1
 Magic Dart               Conj           0%         1d3       100%        1
 Necrotise                Necr           0%         1d4       100%        1
 Summon Small Mammal      Summ           0%         N/A       100%        1
 Blink                    Tloc           0%         N/A       100%        2
 Call Imp                 Summ           0%         N/A       100%        2
 Searing Ray              Conj           0%         2d4       100%        2
 Call Canine Familiar     Summ           0%         N/A       100%        3
 Dazzling Flash           Conj/Hex       0%         N/A       100%        3
 Inner Flame              Hex/Fire       0%         N/A       100%        3
 Mephitic Cloud           Conj/Alch/Air  0%         N/A       100%        3
 Vampiric Draining        Necr           0%         2d6       100%        3
 Fulminant Prism          Conj/Alch      0%         3d5       100%        4
 Leda's Liquefaction      Alch/Erth      0%         N/A       100%        4
 Martyr's Knell           Necr/Summ      0%         N/A       100%        4
 Petrify                  Alch/Erth      0%         N/A       100%        4
 Summon Blazeheart Golem  Fire/Summ      0%         N/A       100%        4
 Curse of Agony           Necr           0%         N/A       100%        5
 Irradiate                Conj/Alch      0%         3d11      100%        5
 Lee's Rapid Deconstruct  Erth           0%         3d4*      100%        5
 Silence                  Hex/Air        0%         N/A       100%        5
 Summon Forest            Summ/Tloc      0%         N/A       100%        5
 Summon Mana Viper        Hex/Summ       0%         N/A       100%        5
 Bombard                  Conj/Erth      0%         9d1       100%        6
 Eringya's Noxious Bog    Alch           0%         4d6       100%        6
 Plasma Beam              Fire/Air       0%         2x1d10    100%        6
 Starburst                Conj/Fire      0%         6d3       100%        6
 Summon Cactus Giant      Summ           0%         N/A       100%        6
 Summon Hydra             Summ           0%         N/A       100%        7
 Ignition                 Fire           0%         3d3       100%        8
 Sublimation of Blood     Necr           Unusable   N/A       N/A         2

Dungeon Overview and Level Annotations

Branches:
Dungeon (13/15)            Temple (1/1) D:7            Lair (5/5) D:8
 Shoals (0/4) Lair:2       Spider (0/4) Lair:2        Slime (0/5) Lair:5
    Orc (2/2) D:11            Elf (0/3) Orc:2       Ossuary (visited)
 Bailey (visited)
 Vaults: D:13-14

Altars:
Ashenzari
Cheibriados
Dithmenos
Elyvilon
Fedhas
Gozag
Hepliaklqana
Kikubaaqudgha
Makhleb
Nemelex Xobeh
Okawaru
Qazlal
Ru
Sif Muna
Trog
Uskayaw
Vehumet
Xom
Yredelemnul
Zin
The Shining One

Shops:
D:4 [   D:5 (   D:7 *((!*   D:8 [?   D:11 [   Orc:2 :([![

Annotations:
D:3 2 runed translucent doors, PaiMei's ghost, weakling DsNe
D:9 3 runed translucent doors, VepsertineViceroy's ghost, journeyman NaSh
D:12 1 runed translucent door
Temple 2 transporters
Orc:2 3 runed translucent doors, Valakon2's ghost, journeyman MiFi


Innate Abilities, Weirdness & Mutations

You are immune to sickness and miasma.
Your stone body is resilient. (AC +11)
You are immune to poison.
Your large and strong wings let you fly.
You resist negative energy. (rN+)
You are resistant to electric shocks. (rElec)
You are resistant to unholy torment.
You are immune to petrification.


Message History

Unknown command.
You block the rakshasa's attack.
The rakshasa hits you from afar with a +0 trident.
* * * LOW HITPOINT WARNING * * *
The rakshasa hits you but does no damage. x2
You block the rakshasa's attack.
You slice the rakshasa!! You burn the rakshasa! You freeze the rakshasa.
The rakshasa is severely wounded.
The injured rakshasa weaves a defensive illusion!
The rakshasa hits you but does no damage.
The rakshasa barely misses you.
The rakshasa hits you with a +0 trident.
* * * LOW HITPOINT WARNING * * *
The rakshasa hits you but does no damage.
The rakshasa barely misses you. You block the rakshasa's attack.
You barely miss the rakshasa.
The rakshasa is heavily wounded.
The rakshasa hits you with a +0 trident!
* * * LOW HITPOINT WARNING * * *
The rakshasa blinks!
The rakshasa closely misses you.
The rakshasa hits you with a +0 trident.
* * * LOW HITPOINT WARNING * * *
The rakshasa gestures at you. The lance of force misses you.
The rakshasa hits you but does no damage.
The rakshasa closely misses you.
You hit the rakshasa. You burn the rakshasa. You freeze the rakshasa.
The rakshasa is almost dead.
You block the rakshasa's attack. x2
The rakshasa hits you but does no damage. x2
The rakshasa barely misses you.
The rakshasa hits you but does no damage.
Unknown command.
You hit the rakshasa. You burn the rakshasa.
You kill the rakshasa!
The rakshasa shimmers and vanishes!
The rakshasa gestures at you. The lance of force hits you!!
You die...
Your body crumbles into a pile of gold.

,,,,,,,,,*##*,,,*##,,,,,,*
****+**#+##8##+##8#....,,*
,,**,**..##.......#....,,*
,,*,,,,...#.......#....,,*
,,*,,,,...#.......#....,,*
,,*,,,,...#$......#....,,*
,,*****#+##....RR.#....,,*
,,,,,,,...#....R..#....,,*
,,,,,,,...#...<.@.###..,,*
,,,,,,,...#....RR.#.#..,,*
,,,,,,,...#....§..#.#..,,*
****,,,...#.......#.#..,,*
*,,,...#.......#.#..,,*
*,,,...#.....R.#.#..,,*
*,,,...#.......#.#.[,,*
*,,,...#8##+##8#.#..,,*
****,,,,,,##*,,>*##,*,,,,*


You could see 6 rakshasas.

Vanquished Creatures
  An orc warlord (Orc:2)
  A stone giant (Orc:1)
  2 hydras (Lair:5)
  3 ogre magi
  16 two-headed ogres
  2 hell hogs (Lair:5)
  5 boulder beetles
  2 deep trolls (Orc:1)
  A lindwurm (Lair:5)
  2 orc knights
  Pikel (D:7)
  A deep elf pyromancer (Orc:1)
  A deep elf zephyrmancer (Orc:1)
  An orc sorcerer (Orc:2)
  An ugly thing (D:12)
  5 cyclopes
  2 kobold blastminers (Orc:1)
  2 manticores
  25 elephants
  Joseph (Lair:1)
  6 black mambas
  A water nymph (Lair:2)
  3 molten gargoyles (Lair:5)
  7 cane toads
  7 rime drakes
  2 gargoyles (D:11)
  A kobold demonologist (D:10)
  9 komodo dragons
  An unseen horror (D:12)
  Psyche (D:11)
  11 trolls
  2 polar bears
  A hornet (D:10)
  Grinder (D:5)
  17 blink frogs
  6 slime creatures (D:12)
  2 shadows (D:11)
  7 wyverns
  16 yaks
  A vampire (D:9)
  2 wargs
  2 steam dragons
  8 basilisks
  9 vampire mosquitoes
  2 acid dragons (D:12)
  4 hell hounds (Lair:5)
  12 water moccasins
  A swamp drake (Orc:1)
  3 sky beasts (D:7)
  29 orc warriors
  3 ice beasts
  3 black bears
  27 ogres
  12 wolves
  16 centaurs
  3 phantoms
  A kobold brigand (D:7)
  A brain worm (D:5)
  10 bullfrogs
  3 scorpions
  A burial acolyte (Ossuary)
  6 wights
  7 killer bees
  2 water moccasin zombies (Ossuary)
  4 howler monkeys (D:10)
  10 electric eels
  A crimson imp (Orc:1)
  4 bombardier beetles
  5 lava snakes (Lair:5)
  6 hounds
  An iron imp (Orc:1)
  A jelly (D:3)
  4 gnoll boudas
  15 orc priests
  Terence (D:2)
  3 iguanas
  14 orc wizards
  4 hell rats (Lair:5)
  Ijyb (D:5)
  2 bullfrog simulacra (Ossuary)
  A crocodile zombie (Ossuary)
  2 mummies (Ossuary)
  Robin (D:5)
  11 gnolls
  5 adders
  6 river rats (Lair:5)
  A shadow imp (Orc:1)
  3 white imps
  2 ufetubi (D:5)
  5 adder zombies (Ossuary)
  2 ribbon worms (D:3)
  4 dart slugs
  95 orcs
  5 endoplasms
  6 giant cockroaches
  5 gnoll zombies (Ossuary)
  11 goblins
  15 hobgoblins
  10 kobolds
  6 quokkas
  5 ball pythons
  5 bats
  A frilled lizard (D:3)
  6 jackal zombies (Ossuary)
  4 orc zombies (Ossuary)
  12 rats
649 creatures vanquished.

Vanquished Creatures (others)
  A howler monkey (D:10)
  5 orcs
6 creatures vanquished.

Grand Total: 655 creatures vanquished

Notes
Turn   | Place    | Note
-------+----------+-------------------------------------------
     0 | D:1      | timneilson the Gargoyle Fighter began the quest for the
                  | Orb.
     0 | D:1      | Reached XP level 1. HP: 14/14 MP: 1/1
   224 | D:1      | Reached XP level 2. HP: 19/19 MP: 2/2
   413 | D:1      | Found a faded altar of an unknown god.
   619 | D:1      | Reached XP level 3. HP: 23/23 MP: 3/3
   981 | D:2      | Reached XP level 4. HP: 28/28 MP: 4/4
  1323 | D:2      | Noticed Terence
  1361 | D:2      | Killed Terence
  1644 | D:3      | Reached skill level 1 in Dodging
  1644 | D:3      | Reached XP level 5. HP: 30/33 MP: 5/5
  1687 | D:3      | Found a runed translucent door.
  1688 | D:3      | Noticed PaiMei's ghost (weakling DsNe)
  1746 | D:3      | Found a glowing golden altar of the Shining One.
  1949 | D:3      | Found a runed translucent door.
  2000 | D:3      | Identified the orb of Lightning Storm {mayhem, rF- rC+
                  | rN++}
  2206 | D:4      | Found a sand-covered staircase.
  2212 | Ossuary  | Entered an ossuary
  2295 | Ossuary  | Reached XP level 6. HP: 27/38 MP: 6/6
  2406 | Ossuary  | Reached skill level 5 in Shields
  2494 | Ossuary  | Reached skill level 5 in Armour
  2507 | Ossuary  | Reached XP level 7. HP: 13/43 MP: 7/7
  3124 | D:4      | Found Cuwnism's Antique Armour Shoppe.
  3152 | D:4      | Found a burning altar of Makhleb.
  3159 | D:4      | Identified the +1 whip of Sucy {drain, Str-4 Dex+2 Stlth+}
  3392 | D:5      | Entered Level 5 of the Dungeon
  3441 | D:5      | Noticed Grinder
  3451 | D:5      | Paralysed by Grinder for 4 turns
  3564 | D:5      | Paralysed by Grinder for 5 turns
  3571 | D:5      | Killed Grinder
  3792 | D:5      | Reached XP level 8. HP: 47/48 MP: 8/8
  3842 | D:5      | Found a shimmering altar of Xom.
  4085 | D:5      | Noticed Robin
  4130 | D:5      | Killed Robin
  4135 | D:5      | Noticed Ijyb
  4169 | D:5      | Killed Ijyb
  4332 | D:5      | Found Qublulie's Weapon Emporium.
  4454 | D:5      | Found a hazy altar of Hepliaklqana.
  4464 | D:5      | Found a basalt altar of Yredelemnul.
  4754 | D:6      | Reached skill level 5 in Fighting
  4862 | D:6      | Reached skill level 5 in Long Blades
  4862 | D:6      | Reached skill level 1 in Evocations
  4987 | D:6      | Found a bloodstained altar of Trog.
  5205 | D:6      | Identified the amulet "Migoym" {Acrobat Int+3 Dex+2}
  5537 | D:7      | Found Wyijuq's General Store.
  5626 | D:7      | Reached XP level 9. HP: 49/54 MP: 9/9
  5762 | D:7      | Found Otsycoaf's Weapon Boutique.
  5780 | D:7      | Noticed a cyclops
  5825 | D:7      | Found a staircase to the Ecumenical Temple.
  5831 | Temple   | Found a transporter.
  5831 | Temple   | Found a transporter.
  5831 | Temple   | Found a transporter.
  5831 | Temple   | Found a transporter.
  5831 | Temple   | Entered the Ecumenical Temple
  5851 | Temple   | Became a worshipper of Gozag Ym Sagoz the Greedy
  5947 | D:7      | Found Joih's Distillery.
  6007 | D:7      | Found Join Gai's General Store.
  6040 | D:7      | Found Baqaddaj's Antique Weapon Shoppe.
  6369 | D:7      | Noticed Pikel
  6379 | D:7      | Killed Pikel
  6584 | D:7      | Reached XP level 10. HP: 60/60 MP: 10/10
  6673 | D:8      | Noticed an elephant
  6673 | D:8      | Found a staircase to the Lair.
  6701 | D:8      | Killed an elephant
  6780 | D:5      | Bought the +2 Maxwell's thermic engine {flame, freeze, rev}
                  | for 484 gold pieces
  6780 | D:5      | Found the +2 Maxwell's thermic engine {flame, freeze, rev}
  7330 | D:8      | Noticed a two-headed ogre
  7339 | D:8      | Killed a two-headed ogre
  7414 | D:8      | Found The Oracle's Delphic Readings.
  7615 | D:9      | Found a runed translucent gate.
  7615 | D:9      | Found a runed translucent gate.
  7615 | D:9      | Found a runed translucent gate.
  7616 | D:9      | Noticed a kobold demonologist
  7616 | D:9      | Noticed VepsertineViceroy's ghost (journeyman NaSh)
  7725 | D:9      | Found a flagged portal.
  7747 | Bailey   | Entered a bailey
  8695 | Bailey   | Reached XP level 11. HP: 45/67 MP: 11/11
  9038 | Bailey   | Reached skill level 10 in Armour
  9038 | Bailey   | Reached skill level 10 in Shields
  9038 | Bailey   | Reached XP level 12. HP: 73/73 MP: 12/12
  9213 | D:4      | Bought a pair of fine boots for 161 gold pieces
  9213 | D:4      | Identified the +0 pair of boots "Daximes" {rN+} (You bought
                  | it in a shop on level 4 of the Dungeon)
  9364 | D:9      | Found an ancient bone altar of Kikubaaqudgha.
  9528 | D:9      | Found a stormy altar of Qazlal.
 10183 | D:9      | Found a sacrificial altar of Ru.
 10239 | D:9      | Found a blossoming altar of Fedhas.
 10683 | D:10     | Entered Level 10 of the Dungeon
 11678 | D:11     | Noticed Psyche
 11686 | D:11     | Killed Psyche
 11813 | D:11     | Noticed a two-headed ogre
 11823 | D:11     | Killed a two-headed ogre
 11824 | D:11     | Reached skill level 5 in Dodging
 12331 | D:11     | Found a staircase to the Orcish Mines.
 12718 | D:12     | Identified the +9 whip of the Ass {flame, Dex+2}
 12815 | D:12     | Reached skill level 5 in Evocations
 12815 | D:12     | Reached XP level 13. HP: 66/80 MP: 13/13
 12939 | D:12     | Reached skill level 10 in Long Blades
 13421 | D:12     | Found a runed translucent door.
 13756 | Orc:1    | Entered Level 1 of the Orcish Mines
 13757 | Orc:1    | Paralysed by an ogre mage for 4 turns
 15023 | Orc:2    | Entered Level 2 of the Orcish Mines
 15038 | Orc:2    | Noticed an orc warlord
 15136 | Orc:1    | HP: 1/81 [two-headed ogre/+0 giant club (12)]
 15737 | Lair:1   | Entered Level 1 of the Lair of Beasts
 15769 | D:8      | Bought a pair of faintly humming gloves for 304 gold pieces
 15769 | D:8      | Identified the +0 pair of gloves "Ixeupish" {rCorr} (You
                  | bought it in a shop on level 8 of the Dungeon)
 15769 | D:8      | Bought an embroidered cloak for 240 gold pieces
 15839 | Lair:1   | Gained mutation: Your large and strong wings let you fly.
                  | [Gargoyle growth]
 15839 | Lair:1   | Reached XP level 14. HP: 87/87 MP: 14/14
 15850 | Lair:1   | Reached skill level 10 in Fighting
 16222 | Lair:1   | Noticed Joseph
 16238 | Lair:1   | Killed Joseph
 16434 | Lair:1   | Identified the +10 hand axe of Xeahuup {antimagic, Fly
                  | Int+3}
 16857 | Lair:2   | Found a hole to the Spider Nest.
 19213 | Lair:5   | Entered Level 5 of the Lair of Beasts
 19672 | Lair:5   | Reached XP level 15. HP: 93/93 MP: 15/15
 19790 | Lair:5   | Found a large runed translucent door.
 19790 | Lair:5   | Found a large runed translucent door.
 19920 | Lair:5   | Found a staircase to the Slime Pits.
 21096 | D:11     | Bought the +10 crystal plate armour of Salvation {Will+
                  | Str+2} for 2215 gold pieces
 21543 | Orc:2    | Found Pax Ynoo's Antique Weapon Shoppe.
 21544 | Orc:2    | Found Denauf's Book Shoppe.
 21555 | Orc:2    | Found Keosye Awne's Armour Shop.
 21564 | Orc:2    | Found Tutausum's Distillery.
 21581 | Orc:2    | Bought a potion of haste for 170 gold pieces
 21581 | Orc:2    | Bought a potion of resistance for 170 gold pieces
 21581 | Orc:2    | Bought a potion of heal wounds for 85 gold pieces
 21581 | Orc:2    | Bought a potion of might for 68 gold pieces
 21581 | Orc:2    | Bought a potion of haste for 170 gold pieces
 21581 | Orc:2    | Bought a potion of heal wounds for 85 gold pieces
 21615 | Orc:2    | Killed an orc warlord
 21653 | Orc:2    | Found Syriawko's Antique Armour Boutique.
 21658 | Orc:2    | Bought a glowing buckler for 277 gold pieces
 21859 | Orc:2    | Found a staircase to the Elven Halls.
 22027 | Orc:2    | Found a runed translucent gate.
 22028 | Orc:2    | Found a runed translucent gate.
 22029 | Orc:2    | Found a runed translucent gate.
 22130 | Orc:2    | Found an opulent altar of Gozag.
 22130 | Orc:2    | Noticed Valakon2's ghost (journeyman MiFi)
 22443 | D:13     | Killed from afar by a rakshasa

Illustrated notes

Levels and vault maps discovered:
D:1:      lemuel_arrival_rhombus, layout_loops_ring,
          hellmonk_ecumenical_altar_prayer_group
D:2:      cheibrodos_helix_gallery, layout_basic, uniq_terence
D:3:      layout_rooms, old_standard_altar, nicolae_overflow_hidden_temple,
          ebering_ghost_sewer_f
D:4:      layout_loops_ring, bloody_makhleb, serial_shops, shop,
          nicolae_ossuary_entry_plus, chequers_serial_rivers_micro_b
D:5:      layout_basic, xom_butterflies, amethyst_overflow_temple_binary,
          serial_shops, nicolae_shop_gibbet_a_chance, nicolae_goblin_pals,
          uniq_grinder
D:6:      layout_loops_ring, old_standard_altar
D:7:      layout_loops_ring, minmay_temple_entry_enclosed_plants, serial_shops,
          shop, nicolae_shop_hallway_plus, nicolae_shop_advertising_works
          [nicolae_subvault_shop_adworks], kennysheep_little_box,
          nicolae_square_shop, serial_bayou_pond_b, hangedman_decor_slide_cut,
          uniq_pikel
D:8:      layout_basic, david_lair_generic, grunt_ministairs_13,
          interstate_on_off, nicolae_nh_oracle_at_delphi
D:9:      layout_layer_cave, mainiacjoe_overflow_alcove_1,
          mainiacjoe_overflow_big_doors, old_standard_altar, enter_bailey_3,
          gammafunk_ghost_nasty_kobolds, roderic_st_hans_cross
D:10:     layout_stronghold, serial_bayou_lake_a
D:11:     layout_irregular_city, minmay_orc_entry_temple_small, uniq_psyche
D:12:     layout_roguey [special_room_orc], nicolae_danse_macabre
D:13:     layout_gridville, gauntlet_entry_generic, nicolae_burly_brawl
Temple:   hellmonk_temple_divided_pantheon
Lair:1:   layout_loops_ring, serial_bayou_shore_b, infiniplex_staircase_pool,
          uniq_joseph
Lair:2:   layout_concentric_octagons, nicolae_shoals_entry_flooding,
          spider_nest_entry_web_field
Lair:3:   layout_cave_pods, lemuel_fruit_fields, lemuel_fruit_tree
Lair:4:   layout_misc_corridors, serial_bayou_shore_a
Lair:5:   cheibrodos_lair_end_hotspot, layout_regular_city, slime_entry_1,
          serial_bayou, serial_bayou_lagoon_a, serial_bayou_crossing,
          serial_bayou_shore_b, serial_bayou_pond_e, kennysheep_abandoned_house
Orc:1:    layout_caves, hangedman_minor_magic
Orc:2:    st_orc_open, layout_caves, serial_shops, nicolae_shop_rolling_square,
          ebering_ghost_gozag

Skill      XL: |  1  2  3  4  5  6  7  8  9 10 11 12 13 14 15 |
---------------+----------------------------------------------+-----
Long Blades    | 2 3 4 5 6 7 8 9 10 11 12 | 12.4
Shields        | 4 5 6 8 9 10 11 13 14 | 14.8
Armour         | 4 5 6 8 9 10 11 13 14 | 14.8
Dodging        | 1 2 3 4 5 6 7 |  7.3
Fighting       | 4 5 6 7 8 9 10 11 | 11.3
Evocations     | 1 2 3 5 6 7 |  7.4

Action                     |  1- 3 |  4- 6 |  7- 9 | 10-12 | 13-15 || total
---------------------------+-------+-------+-------+-------+-------++-------
  Melee: Long sword        |   130 |   291 |   333 |       |       ||   754
         Scimitar          |       |       |    92 |    26 |       ||   118
         Double sword      |       |       |       |   422 |  1149 ||  1571
  Throw: Dart              |       |       |       |    12 |       ||    12
 Invoke: Call Merchant     |       |       |       |       |     2 ||     2
  Evoke: Wand              |       |       |     2 |    13 |     4 ||    19
         Condenser vane    |       |       |       |       |     1 ||     1
    Use: Scroll            |     5 |     4 |    10 |    10 |    11 ||    40
         Potion            |       |     1 |     2 |     1 |    13 ||    17
   Stab: Invisible         |       |       |     1 |       |       ||     1
         Distracted        |       |       |       |     1 |     5 ||     6
 Armour: Scale mail        |    13 |       |       |       |       ||    13
         Chain mail        |    88 |   229 |   301 |    82 |       ||   700
         Crystal plate arm |       |       |       |   413 |  1230 ||  1643
  Dodge: Dodged            |    57 |   105 |   150 |   292 |   418 ||  1022
  Block: Buckler           |    33 |    87 |   124 |   229 |   544 ||  1017
         Reflection        |       |       |       |       |     6 ||     6
